3AA
SPRINGFIELD SHOOTERS @ SAN BERNARDINO GRASSHOPPERS
07/10/2028
 
TOP OF THE 1ST
Springfield Shooters batting - Pitching for San Bernardino Grasshoppers : RHP Carlos Peret
Pitching: RHP Carlos Peret
Batting: SHB Benedict Patel 0-0: Ball
1-0: Ball
2-0: Ball
3-0: Foul Ball, location: 2F
3-1: Foul Ball, location: 2F
3-2: Foul Ball, location: 2F
3-2: SINGLE (Line Drive, 9S)
Batting: RHB Toussiant L'Ouverture 0-0: Ball
1-0: Called Strike
1-1: Foul Ball, location: 2F
1-2: Reached on error, E4 (Groundball, 4)
Benedict Patel to second
Batting: RHB Javier De Jesús 0-0: Ball
1-0: Swinging Strike
1-1: Ball
2-1: Ball
3-1: Foul Ball, location: 2F
3-2: SINGLE (Groundball, 6MD)
Benedict Patel to third
Toussiant L'Ouverture to second
Runner from 3rd tries for Home, SAFE, no throw
Batting: LHB Armando Rodríguez 0-0: Ball
1-0: Called Strike
1-1: SINGLE (Flyball, 8RS)
Toussiant L'Ouverture to third
Javier De Jesús to second
Batting: LHB Daniel Faraday 0-0: Ball
1-0: Ball
2-0: Foul Ball, location: 2F
2-1: Ball
3-1: Base on Balls
Toussiant L'Ouverture scores
Javier De Jesús to third
Armando Rodríguez to second
Batting: LHB Guillermo Castro 0-0: Ball
Wild Pitch!
Javier De Jesús scores
Armando Rodríguez to third
Daniel Faraday to second
1-0: Ball
2-0: Called Strike
2-1: Swinging Strike
2-2: 3-RUN HOME RUN (Flyball, 7D), Distance : 403 ft
Batting: RHB Willis Kirkendall 0-0: Called Strike
0-1: Foul Ball, location: 2F
0-2: Ball
1-2: Ball
2-2: Ball
3-2: SINGLE (Flyball, 9)
Batting: RHB Mike Mays 0-0: Ball
1-0: Ball
2-0: Ball
3-0: Called Strike
3-1: Called Strike
3-2: Base on Balls
Willis Kirkendall to second
Batting: RHB Francisco Gonzáles 0-0: Ball
1-0: Ball
2-0: Called Strike
2-1: SINGLE (Groundball, 6MD)
Willis Kirkendall to third
Mike Mays to second
Batting: SHB Benedict Patel 0-0: Ball
1-0: Swinging Strike
1-1: Ball
2-1: Called Strike
2-2: Strikes out looking
Batting: RHB Toussiant L'Ouverture 0-0: Ball
1-0: SINGLE (Flyball, 78S)
Willis Kirkendall scores
Mike Mays to third
Francisco Gonzáles to second
Runner from 3rd tries for Home, SAFE, no throw
Pitching: RHP Júlio Peńa
Batting: RHB Javier De Jesús 0-0: Called Strike
0-1: Ball
1-1: Ball
2-1: Ball
3-1: Called Strike
3-2: Foul Ball, location: 2F
3-2: Foul Ball, location: 2F
3-2: Ground out 6-3 (Groundball, 56)
Francisco Gonzáles to third
Toussiant L'Ouverture to second
Batting: LHB Armando Rodríguez 0-0: Ball
1-0: Ball
2-0: Ball
3-0: Called Strike
3-1: Base on Balls
Batting: LHB Daniel Faraday 0-0: Called Strike
0-1: Ball
1-1: Foul Ball, location: 2F
1-2: Foul Ball, location: 2F
1-2: Ball
2-2: Ball
3-2: Ground out 4-3 (Groundball, 4)
Top of the 1st over - 8 run(s), 7 hit(s), 1 error(s), 3 left on base; Springfield 8 - San Bernardino 0
BOTTOM OF THE 1ST
San Bernardino Grasshoppers batting - Pitching for Springfield Shooters : RHP Nassim El-Badwi
Pitching: RHP Nassim El-Badwi
Batting: RHB Jaime López 0-0: Called Strike
0-1: Ball
1-1: Called Strike
1-2: SINGLE (Line Drive, 34D)
Batting: RHB Felix Plugge 0-0: Swinging Strike
0-1: Fly out, F2 (Popup, 3S)
Batting: RHB Chris Costa 0-0: Called Strike
Throwing error on steal attempt, E2
Jaime López to third
0-1: Called Strike
0-2: Ball
1-2: Ball
2-2: Ground out 6-3 (Groundball, 6)
Jaime López scores
Batting: LHB Eric Porter 0-0: Swinging Strike
0-1: Ball
1-1: Called Strike
1-2: Ground out 4-3 (Groundball, 4)
Bottom of the 1st over - 1 run(s), 1 hit(s), 1 error(s), 0 left on base; Springfield 8 - San Bernardino 1
TOP OF THE 2ND
Springfield Shooters batting - Pitching for San Bernardino Grasshoppers : RHP Júlio Peńa
Batting: LHB Guillermo Castro 0-0: Ball
1-0: Ball
2-0: Ball
3-0: Base on Balls
Batting: RHB Willis Kirkendall 0-0: Called Strike
0-1: Ball
1-1: Ball
2-1: Swinging Strike
2-2: Strikes out swinging
Batting: RHB Mike Mays 0-0: Called Strike
0-1: Foul Ball, location: 2F
0-2: Ball
1-2: Ball
2-2: Foul Ball, location: 2F
2-2: Fly out, F3 (Popup, 3L)
Batting: RHB Francisco Gonzáles 0-0: Ball
1-0: SINGLE (Groundball, 56D)
Guillermo Castro to second
Batting: SHB Benedict Patel 0-0: Ball
1-0: Foul Ball, location: 2F
1-1: Foul Ball, location: 2F
1-2: Foul Ball, location: 2F
1-2: Ball
2-2: Foul Ball, location: 2F
2-2: Ball
3-2: Base on Balls
Guillermo Castro to third
Francisco Gonzáles to second
Batting: RHB Toussiant L'Ouverture 0-0: Called Strike
0-1: Ball
1-1: Fly out, F6 (Popup, 6)
Top of the 2nd over - 0 run(s), 1 hit(s), 0 error(s), 3 left on base; Springfield 8 - San Bernardino 1
BOTTOM OF THE 2ND
San Bernardino Grasshoppers batting - Pitching for Springfield Shooters : RHP Nassim El-Badwi
Batting: RHB Enrico Betancourt 0-0: Ball
1-0: DOUBLE (Line Drive, 7LM)
Batting: LHB Natale Langushi 0-0: Called Strike
0-1: Ball
1-1: Ball
2-1: Ball
3-1: Base on Balls
Batting: RHB Jerrel Woestenberg 0-0: Ball
Natale Langushi is caught stealing 2nd base
1-0: Called Strike
1-1: Fly out, F8 (Flyball, 8LM)
Runner from 3rd tags up, SCORES, no throw
Batting: RHB Cisco Feijoo 0-0: Ball
1-0: Ball
2-0: Ball
3-0: Called Strike
3-1: Foul Ball, location: 2F
3-2: Base on Balls
Batting: RHB Kelly Harris 0-0: Ball
Cisco Feijoo is caught stealing 2nd base
Bottom of the 2nd over - 1 run(s), 1 hit(s), 0 error(s), 0 left on base; Springfield 8 - San Bernardino 2
TOP OF THE 3RD
Springfield Shooters batting - Pitching for San Bernardino Grasshoppers : RHP Júlio Peńa
Batting: RHB Javier De Jesús 0-0: Ground out 5-3 (Groundball, 56)
Batting: LHB Armando Rodríguez 0-0: Foul Ball, location: 2F
0-1: SINGLE (Line Drive, 7S)
Pitching: RHP Max Cook
Batting: LHB Daniel Faraday 0-0: Swinging Strike
0-1: Foul Ball, location: 2F
0-2: SINGLE (Flyball, 9S)
Armando Rodríguez to second
Runner from 2nd tries for 3rd, SAFE, throw made to third
Batting: LHB Guillermo Castro 0-0: Swinging Strike
0-1: Foul Ball, location: 2F
0-2: Fielders Choice at 2nd, 4-6 (Groundball, 4M)
Armando Rodríguez scores
Batting: RHB Willis Kirkendall 0-0: Swinging Strike
0-1: Ball
1-1: Ball
2-1: Ball
3-1: Called Strike
3-2: SINGLE (Groundball, 6MD)
Guillermo Castro to second
Guillermo Castro to third
Batting: RHB Mike Mays 0-0: Swinging Strike
0-1: Called Strike
0-2: Strikes out looking
Top of the 3rd over - 1 run(s), 3 hit(s), 0 error(s), 2 left on base; Springfield 9 - San Bernardino 2
BOTTOM OF THE 3RD
San Bernardino Grasshoppers batting - Pitching for Springfield Shooters : RHP Nassim El-Badwi
Batting: RHB Kelly Harris 0-0: Called Strike
0-1: Ball
1-1: Foul Ball, location: 2F
1-2: Foul Ball, location: 2F
1-2: Foul Ball, location: 2F
1-2: Ground out 6-3 (Groundball, 6)
Batting: RHB Jaime López 0-0: Ball
1-0: Called Strike
1-1: Ball
2-1: Ground out 6-3 (Groundball, 6MS)
Batting: RHB Felix Plugge 0-0: Ball
1-0: Called Strike
1-1: Called Strike
1-2: Foul Ball, location: 2F
1-2: Ball
2-2: Ground out 4-3 (Groundball, 4M)
Bottom of the 3rd over - 0 run(s), 0 hit(s), 0 error(s), 0 left on base; Springfield 9 - San Bernardino 2
TOP OF THE 4TH
Springfield Shooters batting - Pitching for San Bernardino Grasshoppers : RHP Max Cook
Batting: RHB Francisco Gonzáles 0-0: Foul Ball, location: 2F
0-1: Ball
1-1: Ball
2-1: Foul Ball, location: 2F
2-2: Ball
3-2: Fly out, F8 (Line Drive, 8RM)
Batting: SHB Benedict Patel 0-0: Foul Ball, location: 2F
0-1: Called Strike
0-2: Ball
1-2: Ball
2-2: Strikes out swinging
Batting: RHB Toussiant L'Ouverture 0-0: Ground out 6-3 (Groundball, 6)
Top of the 4th over - 0 run(s), 0 hit(s), 0 error(s), 0 left on base; Springfield 9 - San Bernardino 2
BOTTOM OF THE 4TH
San Bernardino Grasshoppers batting - Pitching for Springfield Shooters : RHP Nassim El-Badwi
Batting: RHB Chris Costa 0-0: Ball
1-0: Foul Ball, location: 2F
1-1: Ball
2-1: Swinging Strike
2-2: Foul Ball, location: 2F
2-2: Ball
3-2: SINGLE (Line Drive, 4M)
Batting: LHB Eric Porter Pickoff Throw to First - Out!
0-0: Called Strike
0-1: Ball
1-1: Ball
2-1: Ball
3-1: Foul Ball, location: 2F
3-2: SINGLE (Line Drive, 4MD)
Batting: RHB Enrico Betancourt 0-0: Ball
1-0: Foul Ball, location: 2F
1-1: Ball
2-1: Foul Ball, location: 2F
2-2: Ball
3-2: SINGLE (Line Drive, 9LM)
Eric Porter to second
Batting: LHB Natale Langushi 0-0: Ball
1-0: Swinging Strike
1-1: Ball
2-1: Ball
3-1: Swinging Strike
3-2: 3-RUN HOME RUN (Flyball, 7D), Distance : 381 ft
Batting: RHB Jerrel Woestenberg 0-0: Ball
1-0: Ball
2-0: Swinging Strike
2-1: Ball
3-1: Base on Balls
Batting: RHB Cisco Feijoo 0-0: Ball
1-0: Called Strike
1-1: Foul Ball, location: 2F
1-2: SINGLE (Groundball, 6D)
Jerrel Woestenberg to second
Batting: RHB Kelly Harris 0-0: Fly out, F1 (Line Drive, 13)
Batting: RHB Jaime López 0-0: Ball
1-0: Swinging Strike
1-1: Ball
2-1: Foul Ball, location: 2F
2-2: Fly out, F9 (Flyball, 89M)
Bottom of the 4th over - 3 run(s), 5 hit(s), 0 error(s), 2 left on base; Springfield 9 - San Bernardino 5
TOP OF THE 5TH
Springfield Shooters batting - Pitching for San Bernardino Grasshoppers : RHP Max Cook
Batting: RHB Javier De Jesús 0-0: Swinging Strike
0-1: Foul Ball, location: 2F
0-2: Strikes out swinging
Batting: LHB Armando Rodríguez 0-0: Foul Ball, location: 2F
0-1: Ball
1-1: Swinging Strike
1-2: Foul Ball, location: 2F
1-2: Foul Ball, location: 2F
1-2: Strikes out swinging
Batting: LHB Daniel Faraday 0-0: Called Strike
0-1: Called Strike
0-2: Strikes out swinging
Top of the 5th over - 0 run(s), 0 hit(s), 0 error(s), 0 left on base; Springfield 9 - San Bernardino 5
BOTTOM OF THE 5TH
San Bernardino Grasshoppers batting - Pitching for Springfield Shooters : RHP Nassim El-Badwi
Batting: RHB Felix Plugge 0-0: Called Strike
0-1: Ball
1-1: Ball
2-1: Called Strike
2-2: Ball
3-2: Foul Ball, location: 2F
3-2: Foul Ball, location: 2F
3-2: Strikes out swinging
Batting: RHB Chris Costa 0-0: Called Strike
0-1: Fly out, F9 (Flyball, 9LMF)
Batting: LHB Eric Porter 0-0: Ball
1-0: Swinging Strike
1-1: DOUBLE (Line Drive, 89D)
Batting: RHB Enrico Betancourt 0-0: Called Strike
0-1: Ball
1-1: Ground out 5-3 (Groundball, 5S)
Bottom of the 5th over - 0 run(s), 1 hit(s), 0 error(s), 1 left on base; Springfield 9 - San Bernardino 5
TOP OF THE 6TH
Springfield Shooters batting - Pitching for San Bernardino Grasshoppers : RHP Max Cook
Batting: LHB Guillermo Castro 0-0: Ball
1-0: Called Strike
1-1: Swinging Strike
1-2: Foul Ball, location: 2F
1-2: Ball
2-2: Strikes out swinging
Batting: RHB Willis Kirkendall 0-0: Called Strike
0-1: Ball
1-1: SINGLE (Flyball, 8LS)
Batting: RHB Mike Mays 0-0: Ball
1-0: Grounds into double play, 6-4-3 (Groundball, 6)
Top of the 6th over - 0 run(s), 1 hit(s), 0 error(s), 0 left on base; Springfield 9 - San Bernardino 5
BOTTOM OF THE 6TH
San Bernardino Grasshoppers batting - Pitching for Springfield Shooters : RHP Nassim El-Badwi
Batting: LHB Natale Langushi 0-0: Ball
1-0: Ball
2-0: Ball
3-0: Called Strike
3-1: Foul Ball, location: 2F
3-2: SINGLE (Groundball, 34D)
Batting: RHB Jerrel Woestenberg 0-0: Ball
1-0: SINGLE (Line Drive, 6D)
Natale Langushi to second
Batting: RHB Cisco Feijoo 0-0: Ball
1-0: Swinging Strike
1-1: Swinging Strike
1-2: Ball
2-2: Strikes out swinging
Pitching: RHP Roy Gartner
Batting: RHB Kelly Harris 0-0: Foul Ball, location: 2F
0-1: DOUBLE (Line Drive, 89M)
Natale Langushi scores
Jerrel Woestenberg to third
Batting: RHB Jaime López 0-0: Foul Ball, location: 2F
0-1: Swinging Strike
0-2: Ball
1-2: Ball
2-2: Strikes out swinging
Batting: RHB Felix Plugge 0-0: Ground out 5-3 (Groundball, 56S)
Bottom of the 6th over - 1 run(s), 3 hit(s), 0 error(s), 2 left on base; Springfield 9 - San Bernardino 6
TOP OF THE 7TH
Springfield Shooters batting - Pitching for San Bernardino Grasshoppers : RHP Max Cook
Batting: RHB Francisco Gonzáles 0-0: Called Strike
0-1: Ball
1-1: Ball
2-1: Swinging Strike
2-2: Ball
3-2: Foul Ball, location: 2F
3-2: Foul Ball, location: 2F
3-2: Foul Ball, location: 2F
3-2: Strikes out swinging
Pitching: LHP Peter Hall
Batting: SHB Benedict Patel 0-0: Ball
1-0: Called Strike
1-1: Ball
2-1: Foul Ball, location: 2F
2-2: Strikes out looking
Batting: RHB Toussiant L'Ouverture 0-0: Swinging Strike
0-1: Called Strike
0-2: Foul Ball, location: 2F
0-2: Ball
1-2: Foul Ball, location: 2F
1-2: Ground out 5-3 (Groundball, 56)
Top of the 7th over - 0 run(s), 0 hit(s), 0 error(s), 0 left on base; Springfield 9 - San Bernardino 6
BOTTOM OF THE 7TH
San Bernardino Grasshoppers batting - Pitching for Springfield Shooters : RHP Roy Gartner
Batting: RHB Chris Costa 0-0: Ball
1-0: Called Strike
1-1: Ball
2-1: Ball
3-1: Foul Ball, location: 2F
3-2: Base on Balls
Batting: LHB Eric Porter 0-0: Ball
1-0: Called Strike
1-1: Grounds into double play, 6-4-3 (Groundball, 6)
Batting: RHB Enrico Betancourt 0-0: Foul Ball, location: 2F
0-1: Ball
1-1: Swinging Strike
1-2: Ball
2-2: Foul Ball, location: 2F
2-2: Ball
3-2: Foul Ball, location: 2F
3-2: Foul Ball, location: 2F
3-2: SOLO HOME RUN (Flyball, 78XD), Distance : 433 ft
Batting: LHB Natale Langushi 0-0: Foul Ball, location: 2F
0-1: Swinging Strike
0-2: Ball
1-2: Strikes out swinging
Bottom of the 7th over - 1 run(s), 1 hit(s), 0 error(s), 0 left on base; Springfield 9 - San Bernardino 7
TOP OF THE 8TH
Springfield Shooters batting - Pitching for San Bernardino Grasshoppers : LHP Peter Hall
Batting: RHB Javier De Jesús 0-0: Ball
1-0: Ball
2-0: Called Strike
2-1: Swinging Strike
2-2: SINGLE (Groundball, 4D)
Batting: LHB Armando Rodríguez 0-0: Called Strike
Javier De Jesús steals 2nd base
0-1: Ball
1-1: Foul Ball, location: 2F
1-2: Ball
2-2: SINGLE (Line Drive, 89S)
Javier De Jesús to third
Pinch Hitting: SHB Carlos Gallegos 0-0: Called Strike
0-1: Ball
1-1: Foul Ball, location: 2F
1-2: Fly out, F9 (Flyball, 9LS)
Runner from 3rd tags up, SCORES, no throw
Batting: LHB Guillermo Castro 0-0: Ball
1-0: Fielders Choice at 2nd, 6-4 (Groundball, 6)
Batting: RHB Willis Kirkendall 0-0: Called Strike
Pickoff Throw to First - Out!
Top of the 8th over - 1 run(s), 2 hit(s), 0 error(s), 0 left on base; Springfield 10 - San Bernardino 7
BOTTOM OF THE 8TH
San Bernardino Grasshoppers batting - Pitching for Springfield Shooters : RHP Roy Gartner
Now at 1B: Tony Cantú
Batting: RHB Jerrel Woestenberg 0-0: Ball
1-0: Called Strike
1-1: Ball
2-1: Swinging Strike
2-2: Foul Ball, location: 2F
2-2: Strikes out swinging
Batting: RHB Cisco Feijoo 0-0: Foul Ball, location: 2F
0-1: Swinging Strike
0-2: Ball
1-2: Ball
2-2: Foul Ball, location: 2F
2-2: Ball
3-2: Strikes out swinging
Batting: RHB Kelly Harris 0-0: Called Strike
0-1: Ball
1-1: Called Strike
1-2: Ball
2-2: SINGLE (Groundball, 6MD)
Pitching: RHP Jim Dixon
Batting: RHB Jaime López 0-0: Ball
1-0: Ball
2-0: Ball
3-0: Foul Ball, location: 2F
3-1: Foul Ball, location: 2F
3-2: Ground out 6-3 (Groundball, 6)
Bottom of the 8th over - 0 run(s), 1 hit(s), 0 error(s), 1 left on base; Springfield 10 - San Bernardino 7
TOP OF THE 9TH
Springfield Shooters batting - Pitching for San Bernardino Grasshoppers : LHP Peter Hall
Batting: RHB Willis Kirkendall 0-0: Ball
1-0: Fly out, F9 (Flyball, 89S)
Batting: RHB Mike Mays 0-0: Ball
1-0: Ground out 1-3 (Groundball, 15)
Batting: RHB Francisco Gonzáles 0-0: Ball
1-0: Ground out 5-3 (Groundball, 56)
Top of the 9th over - 0 run(s), 0 hit(s), 0 error(s), 0 left on base; Springfield 10 - San Bernardino 7
BOTTOM OF THE 9TH
San Bernardino Grasshoppers batting - Pitching for Springfield Shooters : RHP Jim Dixon
Pitching: RHP Ieyoshi Asai
Batting: RHB Felix Plugge 0-0: DOUBLE (Line Drive, 7LS)
Batting: RHB Chris Costa 0-0: Ball
1-0: Foul Ball, location: 2F
1-1: Ball
2-1: Called Strike
2-2: Foul Ball, location: 2F
2-2: Foul Ball, location: 2F
2-2: DOUBLE (Line Drive, 7LM)
Felix Plugge scores
Batting: LHB Eric Porter 0-0: Foul Ball, location: 2F
0-1: Foul Ball, location: 2F
0-2: Fly out, F9 (Line Drive, 9LM)
Pinch Hitting: LHB Ubbe van Antwerpen 0-0: Ball
1-0: Called Strike
1-1: Ground out 6-3 (Groundball, 6)
Batting: LHB Natale Langushi 0-0: Ball
1-0: Ball
2-0: Ball
3-0: Called Strike
3-1: Fly out, F4 (Popup, 3D)
Bottom of the 9th over - 1 run(s), 2 hit(s), 0 error(s), 1 left on base; Springfield 10 - San Bernardino 8
Monday, August 14th, 2017 - OOTP Baseball 17.12 Build 75